 Dungeon Crawl Stone Soup version 0.25-a0-651-g8c222c7a2b (webtiles) character file.

Game seed: 9621126507210054786, levelgen mode: deterministic

95 Conn the Magician (level 4, -9/27 HPs)
             Began as an Octopode Wizard on Mar 22, 2020.
             Killed from afar by an orc wizard (10 damage)
             ... with a magic dart
             ... on level 3 of the Dungeon.
             The game lasted 00:07:02 (2551 turns).

Conn the Magician (Octopode Wizard)                 Turns: 2551, Time: 00:07:02

Health: -9/27      AC:  1    Str:  7    XL:     4   Next: 65%
Magic:  3/10       EV: 12    Int: 20    God:
Gold:   137        SH:  3    Dex: 10    Spells: 3/11 levels left

rFire    . . .     SeeInvis .   m - +0 short sword
rCold    . . .     Gourm    .   d - +0 buckler
rNeg     . . .     Faith    .   a - +0 hat
rPois    .         Spirit   .   (no amulet)
rElec    .         Reflect  .   (no ring)
rCorr    .         Harm     .   (no ring)
MR       .....                  (no ring)
Stlth    +++.......             (no ring)
HPRegen  0.09/turn              (no ring)
MPRegen  0.12/turn              (no ring)
                                (no ring)
                                (no ring)

@: brilliant, lethally poisoned (-9 -> -10), very slightly contaminated
A: almost no armour, stealthy swim, amphibious, 8 rings, constrict 8, camouflage
1, gelatinous body 1
a: no special abilities


You were on level 3 of the Dungeon.
You were not hungry.

You visited 1 branch of the dungeon, and saw 3 of its levels.

You collected 137 gold pieces.

Inventory:

Hand Weapons
 e - a +0 dagger
 m - a +0 short sword (weapon)
Missiles
 p - 9 poisoned darts (quivered)
Armour
 a - a +0 hat (worn)
 d - a +0 buckler (worn)
Scrolls
 b - a scroll of enchant armour {unknown}
 f - a scroll of remove curse {unknown}
 g - a scroll of amnesia {unknown}
 k - a scroll of teleportation {unknown}
 n - 4 scrolls of identify {unknown}
Comestibles
 c - 7 rations
 q - a chunk of flesh


   Skills:
 * Level 0.6 Fighting
 + Level 0.4 Short Blades
 + Level 2.2 Dodging
 + Level 3.7 Stealth
 * Level 0.6 Shields
 * Level 4.0 Spellcasting
 * Level 1.5 Conjurations
 + Level 1.2 Summonings
 + Level 1.0 Translocations


You had 3 spell levels left.
You knew the following spells:

 Your Spells              Type           Power        Failure   Level  Hunger
a - Magic Dart            Conj           ###.         11%         1    None
b - Blink                 Tloc           N/A          19%         2    None
c - Call Imp              Summ           ##......     19%         2    None
d - Conjure Flame         Conj/Fire      ##......     38%         3    None

Your spell library contained the following spells:

 Spells                   Type           Power        Failure   Level  Hunger
 Slow                     Hex            #.......     28%         2    None
 Mephitic Cloud           Conj/Pois/Air  #.......     43%         3    None


Dungeon Overview and Level Annotations

Branches:
Dungeon (3/15)

Altars:


Innate Abilities, Weirdness & Mutations

You cannot wear most types of armour.
You are very stealthy in the water. (Stealth+)
You are amphibious.
You can wear up to eight rings at the same time.
You can use your tentacles to constrict eight enemies at once.
Your skin changes colour to match your surroundings (Stealth+).
Your rubbery body absorbs attacks. (AC +1, EV +1)


Message History

Okay, then.
Unknown command.
Unknown command.
You barely miss the orc wizard. Your grab misses the orc wizard.
You feel sick. The orc wizard casts a spell at you. The magic dart hits you!
* * * LOW HITPOINT WARNING * * *
You aren't carrying any potions.
Okay, then.
Unknown command.
You barely miss the orc wizard. You grab the orc wizard.
You squeeze the orc wizard.
The orc wizard is lightly wounded.
You constrict the orc wizard, but do no damage.
Your crimson imp hits the orc wizard but does no damage.
Your white imp closely misses the orc.
The orc hits your crimson imp with a +0 mace!
The orc wizard casts a spell at you. The magic dart hits you!
You die...

... ##?. #..r###...
#.#..!..# ###
##†##...## ######oo
##..###...###.SSo.So
#$.5))..#..#..#####o
## #5o.o.o....).# #.
#..#o##########.####.
#...@# #......
#.....##
#########.5... #...##
#............. .
#######)....
...##....####.
.##..........
##..#### .......# ###
#..## ..o.oo.# ##.##
...<.# #..# .#####
######.####


You could see an orc wizard, an orc, a friendly crimson imp and a friendly white
imp.

Vanquished Creatures
  An adder (D:2)
  An ooze (D:1)
  3 worms (D:2)
  A dart slug (D:1)
  A leopard gecko (D:2)
  An orc (D:3)
  3 giant cockroaches (D:1)
  6 hobgoblins
  2 jackals (D:1)
  3 quokkas
  7 bats
  4 frilled lizards
  7 goblins
  6 kobolds
  2 rats
48 creatures vanquished.

Vanquished Creatures (collateral kills)
  2 adders (D:3)
  4 orcs
  A giant cockroach (D:3)
  A jackal (D:3)
  A kobold (D:3)
  2 rats (D:3)
11 creatures vanquished.

Grand Total: 59 creatures vanquished

Notes
Turn   | Place    | Note
-------+----------+-------------------------------------------
     0 | D:1      | Conn the Octopode Wizard began the quest for the Orb.
     0 | D:1      | Reached XP level 1. HP: 11/11 MP: 4/4
   325 | D:1      | Reached XP level 2. HP: 17/17 MP: 0/6
   388 | D:1      | Learned a level 2 spell: Blink
   391 | D:1      | Learned a level 2 spell: Call Imp
   904 | D:1      | Reached XP level 3. HP: 19/21 MP: 6/8
  1535 | D:2      | Found a faded altar of an unknown god.
  1569 | D:2      | Reached XP level 4. HP: 14/27 MP: 9/9
  1796 | D:2      | Learned a level 3 spell: Conjure Flame
  2101 | D:2      | Reached skill level 4 in Spellcasting
  2550 | D:3      | HP: 1/27 [orc wizard/magic dart (8)]
  2551 | D:3      | Killed from afar by an orc wizard

Levels and vault maps discovered:
D:1:      kilobyte_arrival_exit_the_forest, layout_basic, minivault_19
D:2:      layout_loops_cross, chequers_ecumenical_altar_twisty
D:3:      layout_rooms, fedhas_altar_3, uniq_crazy_yiuf_cottage

Skill      XL: |  1  2  3  4 |
---------------+-------------+-----
Stealth        | 3 |  3.7
Spellcasting   | 4 |  4.0
Fighting       | |  0.6
Short Blades   | |  0.4
Dodging        | |  2.2
Shields        | |  0.6
Conjurations   | |  1.5
Summonings     | |  1.2
Translocations | |  1.0

Action                   |  1- 3 |  4- 6 || total
-------------------------+-------+-------++-------
Melee: Dagger            |    36 |       ||    36
       Constrict         |    16 |     8 ||    24
       Tentacles         |    10 |     4 ||    14
       Unarmed           |     2 |       ||     2
       Short sword       |    22 |    41 ||    63
 Cast: Magic Dart        |    48 |     1 ||    49
       Call Imp          |       |     7 ||     7
       Blink             |       |     1 ||     1
  Use: Potion            |       |     6 ||     6
 Stab: Sleeping          |     4 |     4 ||     8
  Eat: Chunk             |     2 |     3 ||     5
Armor: Skin              |     7 |     2 ||     9
Dodge: Dodged            |    40 |    29 ||    69
Block: Buckler           |     5 |     3 ||     8

Table legend:
 A = Non-vault XP
 B = Vault XP
 C = Vault XP percentage of total XP
 D = Non-vault monster count
 E = Vault monster count
 F = Vault count percentage of total count
                 A         B        C        D         E       F
            +---------+---------+-------+---------+---------+-------
      Total |     136 |       0 |   0.0 |      59 |       0 |   0.0
            +---------+---------+-------+---------+---------+-------
        D:1 |      36 |       0 |   0.0 |      20 |       0 |   0.0
        D:2 |      62 |       0 |   0.0 |      24 |       0 |   0.0
        D:3 |      38 |       0 |   0.0 |      15 |       0 |   0.0
            +---------+---------+-------+---------+---------+-------
